 Dungeon Crawl Stone Soup version 0.31.0-11-ge490571c62 (webtiles) character file.

Game seed: 14091165328511728127

1159 qw the Nimble (level 8, -4/40 HPs)
             Began as a Spriggan Hunter on Feb 5, 2024.
             Was an Initiate of Okawaru.
             Slain by an orc warrior
             ... wielding a +0 battleaxe
              (9 damage)
             ... on level 6 of the Dungeon.
             The game lasted 00:01:00 (4921 turns).

qw the Nimble (Spriggan Hunter)                     Turns: 4921, Time: 00:01:01

Health: -4/40      AC:  9    Str:  7    XL:     8   Next: 16%
Magic:  9/9        EV: 23    Int: 11    God:    Okawaru [......]
Gold:   223        SH:  5    Dex: 20    Spells: 7/7 levels left

rFire   . . .        d - +0 orcbow
rCold   . . .        (shield currently unavailable)
rNeg    . . .        c - +0 robe
rPois   .            (helmet restricted)
rElec   .            g - +2 cloak
rCorr   .            (gloves unavailable)
SInv    +            (boots unavailable)
Will    ++...        k - amulet of reflection
Stlth   ++           i - ring of willpower
HPRegen 0.26/turn    l - +4 ring of protection
MPRegen 0.11/turn

%: reflection
@: about to teleport, very quick
A: very small, no large weapons, unfitting armour, see invisible, speed 3
a: Renounce Religion


You were on level 6 of the Dungeon.
You worshipped Okawaru.
Okawaru was noncommittal.
You visited 2 branches of the dungeon, and saw 7 of its levels.

You collected 223 gold pieces.


Innate Abilities, Weirdness & Mutations

You are very small and have problems with some larger weapons.
You are too small for most types of armour.
You have supernaturally acute eyesight. (SInv)
You cover ground extremely quickly. (Speed+++)


   Skills:
 - Level 3.1 Fighting
 + Level 8.1 Ranged Weapons
 - Level 8.1 Dodging
 - Level 1.5 Stealth


You had 7 spell levels left.
You didn't know any spells.
Your spell library was empty.

Inventory:

Hand Weapons
 d - a +0 orcbow (weapon)
Armour
 c - a +0 robe (worn)
 g - a +2 cloak (worn)
Jewellery
 i - a ring of willpower (left hand)
 k - an amulet of reflection (around neck)
 l - a +4 ring of protection (right hand)
Wands
 f - a wand of flame (34)
Scrolls
 o - a scroll of teleportation
Potions
 a - a potion of heal wounds {unknown}
 b - a potion of might
 h - a potion of cancellation
 m - a potion of brilliance {unknown}
 n - a potion of enlightenment {unknown}

Dungeon Overview and Level Annotations

Branches:
Dungeon (6/15)             Temple (1/1) D:6

Altars:
Ashenzari
Cheibriados
Dithmenos
Elyvilon
Fedhas
Hepliaklqana
Kikubaaqudgha
Makhleb
Nemelex Xobeh
Okawaru
Qazlal
Ru
Sif Muna
Vehumet
Wu Jian
Xom
Yredelemnul
Zin


Message History

The arrow barely misses the orc warrior.
The orc completely misses you. The orc warrior completely misses you.
You shoot an arrow. The arrow hits the orc warrior!
The orc warrior is moderately wounded.
The orc closely misses you.
The orc warrior hits you with a +0 battleaxe.
You shoot an arrow. The arrow hits the orc warrior!
The orc warrior is heavily wounded.
The orc misses you. The orc warrior misses you.
You shoot an arrow.
The arrow hits the orc warrior but does no damage.
The orc warrior is heavily wounded.
The orc misses you. The orc warrior completely misses you.
You shoot an arrow.
The arrow completely misses the orc warrior.
The orc closely misses you. The orc warrior closely misses you.
You shoot an arrow.
The arrow closely misses the orc warrior.
The orc misses you. The orc warrior misses you.
You shoot an arrow. The arrow hits the orc warrior.
The orc warrior is severely wounded.
The orc completely misses you. The orc warrior completely misses you.
You shoot an arrow.
The arrow closely misses the orc warrior.
The orc closely misses you.
The orc warrior hits you with a +0 battleaxe.
You shoot an arrow.
The arrow barely misses the orc warrior.
You block the orc's attack.
The orc warrior hits you with a +0 battleaxe!
The orc warrior hits you but does no damage.
4921 ||| READING 2 scrolls of teleportation.
As you read the scroll of teleportation, it crumbles to dust.
You feel strangely unstable.
The orc throws a boomerang.
The boomerang closely misses the orc wizard.
The boomerang misses you.
The orc wizard hits you but does no damage.
The orc warrior hits you with a +0 battleaxe!
You die...

#.# #.# . #####.##### .#
#.........# .# ##+##
#.........# .# ##)..##
#..##....## .#
##.....###..##....~# .##
##.......##..###..~~##
..####.........#@.###..~~~#
.....'........ooo.##~.¤¤¤~#
..####..>......#..##~~¤¤~##
.## ##.......##..###~..##
.# ##.....###### ##.## .#
##...## ###'### .# ##'##
#8...8# ## #.# #.....# #
#.# #..>..#


You could see an orc warrior, an orc wizard (invisible) and an orc.

Vanquished Creatures
  Sigmund (D:2)
  A centaur (D:5)
  An ogre (D:4)
  2 scorpions (D:5)
  A howler monkey (D:6)
  2 bombardier beetles (D:6)
  3 jellies (D:5)
  4 hounds
  A sleepcap (D:6)
  Ijyb (D:4)
  3 iguanas (D:5)
  Natasha (thrice) (D:2)
  6 adders
  7 gnolls (D:2)
  A white imp (D:4)
  A ribbon worm (D:2)
  2 dart slugs
  2 orcs
  4 ball pythons
  6 endoplasms
  5 giant cockroaches
  6 goblins
  7 hobgoblins
  5 jackals
  6 quokkas
  6 bats
  4 frilled lizards
  5 kobolds
  2 rats
98 creatures vanquished.

Notes
Turn   | Place    | Note
-------+----------+-------------------------------------------
     0 | D:1      | qw the Spriggan Hunter began the quest for the Orb.
     0 | D:1      | Reached XP level 1. HP: 10/10 MP: 2/2
     0 | D:1      | 0 ||| qw: Version: 0.3-a-160-g6735b56
     0 | D:1      | 0 ||| qw: Game counter: 6228
     0 | D:1      | 0 ||| qw: Melee chars always use a shield: true
     0 | D:1      | 0 ||| qw: God list: Okawaru
     0 | D:1      | 0 ||| qw: Allow faded altars: false
     0 | D:1      | 0 ||| qw: Do Orc after clearing Dungeon:15 true
     0 | D:1      | 0 ||| qw: Do second Lair branch before Depths: true
     0 | D:1      | 0 ||| qw: Lair rune preference: random
     0 | D:1      | 0 ||| qw: Goals: Normal
     0 | D:1      | 0 ||| PLANNING D:1-11
    63 | D:1      | Reached skill level 3 in Dodging
   119 | D:1      | Reached XP level 2. HP: 14/14 MP: 3/3
   820 | D:1      | 820 ||| DROPPING ring of wizardry.
   821 | D:1      | 821 ||| READING 3 scrolls labelled AGEEXU LEKU.
   821 | D:1      | 821 ||| IDENTIFYING fuming ruby potion
   822 | D:1      | 822 ||| READING 2 scrolls of identify.
   822 | D:1      | 822 ||| IDENTIFYING cyan potion
   823 | D:1      | 823 ||| READING scroll of identify.
   823 | D:1      | 823 ||| IDENTIFYING amethyst potion
   824 | D:1      | 824 ||| READING scroll labelled RUITUE DEPIFY.
   829 | D:1      | 829 ||| READING scroll labelled ROAGUD DUIGG.
   830 | D:1      | 830 ||| DROPPING scroll of butterflies.
   831 | D:1      | 831 ||| DROPPING potion of lignification.
   885 | D:2      | Reached XP level 3. HP: 18/18 MP: 4/4
   985 | D:2      | Noticed Sigmund
   988 | D:2      | 988 ||| DRINKING potion of curing.
   988 | D:2      | 988 ||| (to cure confusion)
   996 | D:2      | Killed Sigmund
   997 | D:2      | Reached skill level 6 in Ranged Weapons
   997 | D:2      | Reached XP level 4. HP: 15/22 MP: 5/5
   997 | D:2      | Reached XP level 5. HP: 17/25 MP: 6/6
  1318 | D:2      | Noticed Natasha
  1321 | D:2      | Killed Natasha
  1323 | D:2      | 1323 ||| UPGRADING to +0 cloak.
  1328 | D:2      | 1328 ||| READING 3 scrolls of identify.
  1328 | D:2      | 1328 ||| IDENTIFYING fuming yellow potion
  1486 | D:2      | Reached XP level 6. HP: 30/30 MP: 7/7
  1528 | D:2      | Noticed Natasha
  1533 | D:2      | Killed Natasha
  1733 | D:2      | 1733 ||| READING 2 scrolls of identify.
  1733 | D:2      | 1733 ||| IDENTIFYING scroll labelled MYWNOSHOUWK
  1734 | D:2      | 1734 ||| READING scroll of identify.
  1734 | D:2      | 1734 ||| IDENTIFYING scroll labelled MIULELLEACI
  1735 | D:2      | 1735 ||| READING scroll of enchant armour.
  1735 | D:2      | 1735 ||| ENCHANTING +0 cloak.
  1736 | D:2      | 1736 ||| DROPPING scroll of fear.
  1737 | D:2      | 1737 ||| DROPPING potion of ambrosia.
  1747 | D:2      | Noticed Natasha
  1757 | D:2      | Killed Natasha
  1934 | D:3      | Found an ancient bone altar of Kikubaaqudgha.
  2452 | D:3      | 2452 ||| UPGRADING to amulet of reflection.
  2457 | D:3      | 2457 ||| UPGRADING to ring of willpower.
  2684 | D:4      | Reached skill level 6 in Dodging
  3024 | D:4      | Noticed Ijyb
  3044 | D:4      | HP: 5/30 [Ijyb/puff of flame (9)]
  3045 | D:4      | 3045 ||| READING scroll of teleportation.
  3045 | D:4      | HP: 2/30 [Ijyb/+0 dagger (4)]
  3314 | D:4      | Reached XP level 7. HP: 35/35 MP: 8/8
  3405 | D:4      | 3405 ||| FLEEEEING.
  3406 | D:4      | 3406 ||| FLEEEEING.
  3407 | D:4      | 3407 ||| FLEEEEING.
  3408 | D:4      | 3408 ||| FLEEEEING.
  3409 | D:4      | 3409 ||| FLEEEEING.
  3410 | D:4      | 3410 ||| STAIRDANCE
  3456 | D:3      | 3456 ||| UPGRADING to +4 ring of protection.
  3457 | D:3      | 3457 ||| DRINKING 2 golden potions.
  3468 | D:4      | Killed Ijyb
  3615 | D:5      | Entered Level 5 of the Dungeon
  3661 | D:5      | 3661 ||| SWAPPING to +0 orcbow.
  3662 | D:5      | 3662 ||| DROPPING +0 shortbow.
  3983 | D:5      | Found a blossoming altar of Fedhas.
  4103 | D:5      | 4103 ||| READING scroll of enchant armour.
  4103 | D:5      | 4103 ||| ENCHANTING +1 cloak.
  4138 | D:5      | Found a shimmering blue altar of Sif Muna.
  4144 | D:5      | Found a burning altar of Makhleb.
  4395 | D:5      | Reached skill level 3 in Fighting
  4395 | D:5      | Reached XP level 8. HP: 40/40 MP: 9/9
  4572 | D:5      | 4572 ||| READING 2 scrolls of identify.
  4572 | D:5      | 4572 ||| IDENTIFYING bubbling brown potion
  4573 | D:5      | 4573 ||| READING scroll of identify.
  4573 | D:5      | 4573 ||| IDENTIFYING bubbling grey potion
  4574 | D:5      | 4574 ||| READING scroll labelled WUTIUZ SUTOERO.
  4575 | D:5      | 4575 ||| DROPPING potion of attraction.
  4576 | D:5      | 4576 ||| DROPPING potion of berserk rage.
  4578 | D:5      | 4578 ||| Stepping ~*~*~tactically~*~*~ (cloud).
  4852 | D:6      | Found a staircase to the Ecumenical Temple.
  4853 | D:6      | 4853 ||| PLANNING TEMPLE
  4862 | Temple   | Entered the Ecumenical Temple
  4863 | Temple   | 4863 ||| PLANNING OKAWARU WORSHIP
  4873 | Temple   | Became a worshipper of Warmaster Okawaru
  4874 | Temple   | 4874 ||| PLANNING D:1-11
  4920 | D:6      | HP: 4/40 [orc warrior/+0 battleaxe (15)]
  4921 | D:6      | 4921 ||| READING 2 scrolls of teleportation.
  4921 | D:6      | Slain by an orc warrior

Levels and vault maps discovered:
D:1:      sevenhm_arrival_forest_fort_small_4, layout_basic,
          amcnicky_mini_rare_corridor_liquid
D:2:      layout_loops_ring, roderic_lattice_a, minmay_strange_pillars,
          minmay_misc_feat_rows, uniq_sigmund, uniq_natasha
D:3:      layout_loops_ring, nicolae_kikubaaqudgha_miasma_corner,
          minmay_parallelograms, dreamdust_princess_corridor, nrook_mini_vaults
D:4:      layout_loops_corners, uniq_ijyb
D:5:      layout_loops_corners, jmf_multi_god_temple2, kennysheep_mini_moat,
          water_boxes_lemuel
D:6:      layout_loops_corners, trog_book, minmay_temple_entry_fiery,
          gammafunk_ghost_smash, lightli_minifort
Temple:   compressed_dpeg_circular_temple

Skill      XL: |  1  2  3  4  5  6  7  8 |
---------------+-------------------------+-----
Dodging        | 3 4 6 7 8 |  8.1
Ranged Weapons | 6 8 |  8.1
Fighting       | 2 3 |  3.1
Stealth        | |  1.5

Action                     |  1- 3 |  4- 6 |  7- 9 || total
---------------------------+-------+-------+-------++-------
   Fire: Shortbow          |    87 |   172 |    31 ||   290
         Orcbow            |       |       |   115 ||   115
    Use: Scroll            |     5 |     5 |     5 ||    15
         Potion            |     1 |       |     1 ||     2
 Armour: Robe              |    10 |    16 |    26 ||    52
  Dodge: Dodged            |    39 |    68 |    64 ||   171
  Block: Other             |       |     6 |    17 ||    23
         Reflection        |       |     1 |     2 ||     3

Table legend:
 A = Non-vault XP
 B = Vault XP
 C = Vault XP percentage of total XP
 D = Non-vault monster count
 E = Vault monster count
 F = Vault count percentage of total count
                 A         B        C        D         E       F
            +---------+---------+-------+---------+---------+-------
      Total |    1315 |     342 |  20.6 |      92 |       6 |   6.1
            +---------+---------+-------+---------+---------+-------
        D:1 |      32 |       0 |   0.0 |      20 |       0 |   0.0
        D:2 |     189 |     258 |  57.7 |      18 |       2 |  10.0
        D:3 |      57 |       0 |   0.0 |      12 |       0 |   0.0
        D:4 |     255 |      36 |  12.4 |      23 |       1 |   4.2
        D:5 |     601 |      45 |   7.0 |      15 |       2 |  11.8
        D:6 |     181 |       3 |   1.6 |       4 |       1 |  20.0
            +---------+---------+-------+---------+---------+-------
